 Seeded DCSS version 0.29-a0-563-g64e4043184 (webtiles) character file.

Game seed: 8572682691686822440 (custom seed)

1771 happo123 the Covert (level 8, 37/46 HPs)
             Began as a Vampire Enchanter on June 11, 2022.
             Was a Follower of Wu Jian.
             Quit the game on level 7 of the Dungeon.
             The game lasted 00:21:33 (5886 turns).

happo123 the Covert (Vampire Enchanter)             Turns: 5886, Time: 00:21:34

Health: 37/46      AC:  8    Str:  7    XL:     8   Next: 80%
Magic:  3/13       EV: 13    Int: 20    God:    Wu Jian [*.....]
Gold:   397        SH:  0    Dex: 14    Spells: 3/14 levels left

rFire   . . .      SeeInvis +   a - +1 dagger
rCold   + + .      Faith    .   f - orb {guile}
rNeg    + + +      Spirit   .   b - +0 robe
rPois   ∞          Reflect  .   o - +1 helmet
rElec   .          Harm     .   (no cloak)
rCorr   .          Rampage  .   C - +2 pair of gloves
Will    .....                   e - +0 pair of boots
Stlth   ++++++....              (no amulet)
HPRegen 0.00/turn               (no ring)
MPRegen 0.13/turn               (no ring)

@: bloodless, inhibited regen
A: bloodless, fangs 3, see invisible, vampiric 2
a: Bat Form, Revivify, Renounce Religion


You were on level 7 of the Dungeon.
You worshipped Wu Jian.
Wu Jian was aware of your devotion.
You visited 2 branches of the dungeon, and saw 8 of its levels.

You collected 397 gold pieces.

Inventory:

Hand Weapons
 a - a +1 dagger (weapon)
Missiles
 A - a throwing net
Armour
 b - a +0 robe (worn)
 e - a +0 pair of boots (worn)
 f - an orb of guile (worn)
 o - a +1 helmet (worn)
 v - a +0 pair of gloves
 C - a +2 pair of gloves (worn)
Magical Staves
 x - a staff of fire
Jewellery
 i - an amulet of regeneration
Wands
 q - a wand of polymorph (6)
 G - a wand of paralysis (7)
Scrolls
 d - 4 scrolls of fear {unknown}
 g - 2 scrolls of magic mapping {unknown}
 j - 7 scrolls of teleportation {unknown}
 k - a scroll of blinking {unknown}
 m - 2 scrolls of summoning {unknown}
 s - a scroll of enchant weapon {unknown}
 t - 4 scrolls of identify {unknown}
 w - a scroll of noise {unknown}
 y - a scroll of vulnerability {unknown}
 D - a scroll of brand weapon {unknown}
 F - a scroll of poison {unknown}
Potions
 c - 3 potions of invisibility
 h - a potion of curing {unknown}
 l - 2 potions of heal wounds {unknown}
 n - a potion of resistance {unknown}
 p - a potion of flight {unknown}
 r - 2 potions of ambrosia {unknown}
 u - a potion of lignification {unknown}
 z - a potion of magic {unknown}
 B - 2 potions of haste {unknown}


   Skills:
 + Level 3.1 Fighting
 + Level 4.2 Short Blades
 + Level 4.5 Dodging
 * Level 9.6 Stealth
 + Level 3.9 Spellcasting
 * Level 9.0 Hexes
 + Level 3.3 Ice Magic


You had 3 spell levels left.
You knew the following spells:

 Your Spells              Type           Power      Damage    Failure   Level
a - Ensorcelled Hibernat  Hex/Ice        56%        N/A       1%          2
b - Confusing Touch       Hex            40%        N/A       1%          3
c - Tukima's Dance        Hex            40%        N/A       1%          3
d - Frozen Ramparts       Ice            34%        1d5       10%         3

Your spell library contained the following spells:

 Spells                   Type           Power      Damage    Failure   Level
 Freeze                   Ice            68%        1d8       3%          1
 Dazzling Flash           Conj/Hex       42%        N/A       6%          3
 Hailstorm                Conj/Ice       10%        3d5       54%         4


Dungeon Overview and Level Annotations

Branches:
Dungeon (7/15)             Temple (1/1) D:5

Altars:
Ashenzari
Cheibriados
Dithmenos
Elyvilon
Fedhas
Gozag
Hepliaklqana
Kikubaaqudgha
Makhleb
Nemelex Xobeh
Okawaru
Qazlal
Ru
Sif Muna
Trog
Uskayaw
Vehumet
Wu Jian
Xom
Yredelemnul
Zin
The Shining One

Shops:
D:6 (


Innate Abilities, Weirdness & Mutations

You do not regenerate when monsters are visible.
You are frail without blood (-20% HP).
You can heal yourself when you bite living creatures.
You are immune to poison.
You have razor-sharp teeth.
You have supernaturally acute eyesight. (SInv)
You are afflicted with vampirism and can become a bat while bloodless.


Message History

The orc priest closely misses you. The orc completely misses you.
You closely miss the orc priest.
The orc priest is moderately wounded.
You barely miss the orc priest.
The orc priest is moderately wounded.
The orc priest hits you with a +0 flail.
The orc misses you.
The sky beast flickers out of sight for a moment.
You hit the orc priest but do no damage.
The orc priest is moderately wounded.
The orc priest mumbles some strange prayers to Beogh against you.
Beogh smites you! The orc misses you.
You hit the orc priest but do no damage.
The orc priest is moderately wounded.
The orc priest barely misses you. The orc barely misses you.
You closely miss the orc priest.
The orc priest is moderately wounded.
The orc hits you but does no damage.
The orc priest begins to cast a cantrip, but forgets the words!
You hit the orc priest. You bite the orc priest.
You draw the orc priest's blood!
You feel better.
The orc priest is severely wounded.
You barely miss the orc priest.
You bite the orc priest, but do no damage.
The orc priest is severely wounded.
The orc priest closely misses you. The orc closely misses you.
You closely miss the orc priest.
The orc priest is severely wounded.
The orc priest invokes the aid of Beogh against you.
Beogh smites you!
* * * LOW HITPOINT WARNING * * *
The orc closely misses you.
You hit the orc priest but do no damage.
You bite the orc priest, but do no damage.
The orc priest is severely wounded.
The orc priest hits you with a +0 flail!
Your necklace shatters, unleashing a wave of protective dreams!
You dream of health, friendship, and clouds.
The orc misses you.
Are you sure you want to abandon this character and quit the game? (Confirm with "yes".)

#. #.# #. #<#
# #.###.#.# .
#.#...).# ..
#.#.#...# ...
#.#.#.###
....##...#..
.......o#####
...>.$.yo@oo#
.......F###J#
..........# #
..........#
..####.#..#
## #. ..# ..
..# ## .##


yo You could see a killer bee (ally target), an orc priest (ally target), an
orc, a friendly bullfrog (summoned), a friendly jelly (summoned), a friendly orc
wizard (summoned) and a friendly orc (summoned).

Vanquished Creatures
  Grinder (D:3)
  Menkaure (D:4)
  2 sky beasts (D:6)
  An orc warrior (D:6)
  2 phantoms
  A kobold brigand (D:6)
  A necrophage (D:5)
  3 scorpions
  2 killer bees (D:7)
  A howler monkey (D:6)
  3 orc priests
  6 hounds
  Jessica (D:3)
  An iguana (D:4)
  2 orc wizards (D:5)
  7 gnolls
  8 adders
  An ufetubus (D:4)
  3 worms
  4 dart slugs
  8 orcs
  7 ball pythons
  6 endoplasms
  A giant cockroach (D:2)
  3 goblins
  5 hobgoblins
  2 quokkas
  7 bats
  4 frilled lizards
  16 kobolds
  8 rats
118 creatures vanquished.

Vanquished Creatures (collateral kills)
  A gnoll (D:6)
1 creature vanquished.

Grand Total: 119 creatures vanquished

Notes
Turn   | Place    | Note
-------+----------+-------------------------------------------
     0 | D:1      | happo123 the Vampire Enchanter began the quest for the Orb.
     0 | D:1      | Reached XP level 1. HP: 13/13 MP: 3/3
    50 | D:1      | Found a faded altar of an unknown god.
   226 | D:1      | Reached XP level 2. HP: 19/19 MP: 5/5
   229 | D:1      | Learned a level 2 spell: Ensorcelled Hibernation
  1159 | D:2      | Reached skill level 5 in Stealth
  1209 | D:2      | Gained mutation: You are afflicted with vampirism and can
                  | become a bat while bloodless. [Vampire growth]
  1209 | D:2      | Reached XP level 3. HP: 20/20 MP: 3/6
  1220 | D:2      | Reached skill level 5 in Hexes
  1788 | D:2      | Learned a level 3 spell: Confusing Touch
  2068 | D:3      | Reached XP level 4. HP: 24/24 MP: 4/7
  2291 | D:3      | Noticed Grinder
  2323 | D:3      | Killed Grinder
  2324 | D:3      | Reached skill level 1 in Fighting
  2324 | D:3      | Reached skill level 1 in Ice Magic
  2324 | D:3      | Reached XP level 5. HP: 17/29 MP: 4/9
  2324 | D:3      | Reached XP level 6. HP: 20/34 MP: 4/10
  2735 | D:3      | Noticed Jessica
  2738 | D:3      | Killed Jessica
  2981 | D:4      | Learned a level 3 spell: Tukima's Dance
  3264 | D:4      | Noticed Menkaure
  3282 | D:4      | Killed Menkaure
  3283 | D:4      | Reached XP level 7. HP: 20/39 MP: 4/11
  3557 | D:4      | Learned a level 3 spell: Frozen Ramparts
  3604 | D:5      | Entered Level 5 of the Dungeon
  4038 | D:5      | Found a staircase to the Ecumenical Temple.
  4047 | Temple   | Entered the Ecumenical Temple
  4050 | Temple   | Became a worshipper of the Wu Jian Council
  4405 | D:5      | Found the dreamshard necklace {*Dream Drain}
  4752 | D:6      | Reached XP level 8. HP: 45/45 MP: 13/13
  5014 | D:6      | Found Esesamae's Antique Weapon Shop.
  5106 | D:6      | Found a shimmering altar of Xom.
  5398 | D:6      | Reached * piety under Wu Jian
  5886 | D:7      | Quit the game

Illustrated notes

Levels and vault maps discovered:
D:1:      ncdulo_lavacross, layout_basic, serial_rivers,
          chequers_serial_rivers_marsh, chequers_serial_rivers_micro_c,
          chequers_serial_rivers_large_a, chequers_serial_rivers_small_a,
          chequers_serial_rivers_micro_e, chequers_serial_rivers_room_b,
          ebering_ecumenical_altar_box, serial_bayou_ford_a
D:2:      layout_loops_ring, minmay_surrounded
D:3:      layout_loops_ring, item_on_display_b, uniq_jessica, uniq_grinder
D:4:      layout_rooms, uniq_menkaure
D:5:      layout_loops_corners, minmay_temple_entry_large_hall, minivault_27,
          chequers_decorated_corner
D:6:      layout_basic, mainiacjoe_overflow_cross_hatched, serial_shops,
          nicolae_take_the_stairs, hangedman_decor_growths
D:7:      cheibrodos_helix_gallery, layout_basic
Temple:   dpeg_three_leaves_temple

Skill      XL: |  1  2  3  4  5  6  7  8 |
---------------+-------------------------+-----
Stealth        | 5 6 7 8 9 |  9.6
Hexes          | 5 6 7 9 |  9.0
Fighting       | 1 2 3 |  3.1
Short Blades   | 2 3 4 |  4.2
Dodging        | 3 4 |  4.5
Ice Magic      | 1 2 3 |  3.3
Spellcasting   | 3 |  3.9

Action                   |  1- 3 |  4- 6 |  7- 9 || total
-------------------------+-------+-------+-------++-------
Melee: Dagger            |    93 |    56 |   100 ||   249
       Bite              |     6 |     2 |    15 ||    23
 Cast: Ensorcelled Hiber |    25 |    11 |    19 ||    55
       Confusing Touch   |       |     4 |     3 ||     7
       Frozen Ramparts   |       |       |     7 ||     7
       Tukima's Dance    |       |       |     3 ||     3
Invok: Lunge             |       |       |     9 ||     9
 Abil: Exsanguinate      |     1 |       |       ||     1
 Stab: Sleeping          |    25 |    24 |    26 ||    75
       Confused          |       |     3 |     4 ||     7
Armor: Robe              |    29 |     8 |    19 ||    56
Dodge: Dodged            |    50 |    24 |    55 ||   129

Table legend: (Time is in decaauts)
 A = Elapsed time spent in this place.
 B = Non-inter-level travel time spent in this place.
 C = Inter-level travel time spent in this place.
 D = Time resting spent in this place.
 E = Time spent auto-exploring this place.
 F = Levels seen in this place.
 G = Mean time per level.
                   A        B        C        D        E       F      G
               +--------+--------+--------+--------+--------+-----+--------+
         Total |   5886 |   5461 |    425 |    126 |   4371 |   8 |  735.8 |
       Dungeon |   5806 |   5397 |    409 |    126 |   4316 |   7 |  829.4 |
        Temple |     80 |     64 |     16 |      0 |     55 |   1 |   80.0 |
               +--------+--------+--------+--------+--------+-----+--------+

Top non-repeatable levels by time:
     D:1: 1106 daAuts
     D:6: 1086 daAuts
     D:5: 1054 daAuts
     D:2: 977 daAuts
     D:3: 923 daAuts
     D:4: 615 daAuts
  Temple: 80 daAuts
     D:7: 43 daAuts
